 Dungeon Crawl Stone Soup version 0.17.1-2-g5865329 (webtiles) character file.

107 ChunderTock the Sneak (level 5, -2/30 HPs)
             Began as a Kobold Assassin on Feb 5, 2016.
             Killed from afar by an orc wizard (11 damage)
             ... with a magic dart
             ... on level 3 of the Dungeon.
             The game lasted 00:17:19 (2160 turns).

ChunderTock the Sneak (Kobold Assassin)             Turns: 2160, Time: 00:17:20

Health: -2/30      AC:  4    Str: 10    XL:     5   Next: 10%
Magic:  5/5        EV: 15    Int:  9    God:
Gold:   96         SH:  0    Dex: 18    Spells: 0 memorised, 4 levels left

rFire  . . .     SeeInvis .     q - +2 dagger (pain)
rCold  . . .     Clarity  .     c - +0 robe
rNeg   . . .     SustAt   .     (shield restricted)
rPois  .         Gourm    .     (no helmet)
rElec  .         Spirit   .     d - +0 cloak
rCorr  .         Warding  .     t - +0 pair of gloves
rMut   .         Stasis   .     (no boots)
MR     .....                    (no amulet)
Stlth  ++++......               (no ring)
                                (no ring)

@: not resistant to hostile enchantments, stealthy
A: carnivore 3
a: no special abilities


You were on level 3 of the Dungeon.
You were completely stuffed.

You visited 1 branch of the dungeon, and saw 3 of its levels.

You collected 96 gold pieces.

Inventory:

Hand Weapons
 a - a +2 dagger
 b - a +0 blowgun
 h - a +0 dagger
 j - a +0 short sword
 q - a +2 dagger of pain (weapon)
Missiles
 e - 7 poisoned needles
 f - 2 curare-tipped needles
Armour
 c - a +0 robe (worn)
 d - a +0 cloak (worn)
 t - a +0 pair of gloves (worn)
Scrolls
 m - a scroll of fear {unknown}
 n - a scroll of remove curse {unknown}
 p - a scroll of identify {unknown}
Potions
 i - 2 potions of invisibility {unknown}
 k - 4 potions of magic {unknown}
 l - a potion of mutation {unknown}
 o - a potion of haste {unknown}
Comestibles
 g - 2 meat rations
 r - 4 chunks of flesh
 s - a bread ration


   Skills:
 - Level 2.1 Fighting
 * Level 3.1 Short Blades
 - Level 2.1 Throwing
 * Level 2.1 Dodging
 * Level 7.8 Stealth


You had 4 spell levels left.
You didn't know any spells.

Dungeon Overview and Level Annotations

Branches:
Dungeon (3/15)

Altars:


Innate Abilities, Weirdness & Mutations

You are small and have problems with some larger weapons.
You are carnivorous and can eat meat at any time.


Message History

The giant gecko is moderately wounded.
The giant gecko completely misses you.
You closely miss the giant gecko.
The giant gecko is moderately wounded.
The giant gecko bites you.
The orc priest hits you with a hand axe.
* * * LOW HITPOINT WARNING * * *
You completely miss the giant gecko.
The giant gecko is moderately wounded.
The giant gecko bites you but does no damage.
You hit the giant gecko.
You kill the giant gecko!
The orc throws a tomahawk.
The tomahawk hits you.
* * * LOW HITPOINT WARNING * * *
Things that are here:
a tomahawk; a giant gecko corpse The orc throws a tomahawk.
The tomahawk misses you.
The orc wizard points at you and mumbles some strange words.
The magic dart hits you!
You die...

.#.##.#..#.....#.# #..
....#.#..........# #.#
.ooo.........>.÷.# #.#
.o..§......#.....# #.#
#####o#.##.#...#÷###.#.#
.........#.#...#.....#.# .
......#).#.#...##.####.#
....#####..#.#.#.##..###.#
....ooo.(@...(.#.#.....#.#
....o####..#...#.##..#.#.#
... .....#.#..#..#.#.# .
###o#.# #.....#.#.# ..)#
........... .###
###.##..#.# .. #. #..#.#
.. ......#.. #.##.###


You could see an orc priest, an orc wizard and 3 orcs.

Vanquished Creatures
  5 adders (D:2)
  2 orcs (D:3)
  A ball python (D:2)
  2 giant cockroaches
  10 goblins
  5 hobgoblins
  3 jackals (D:2)
  7 kobolds
  2 quokkas (D:2)
  6 bats
  3 giant geckos
  5 giant newts
  8 rats
59 creatures vanquished.

Notes
Turn   | Place    | Note
--------------------------------------------------------------
     0 | D:1      | ChunderTock the Kobold Assassin began the quest for the Orb.
     0 | D:1      | Reached XP level 1. HP: 12/12 MP: 1/1
   147 | D:1      | Reached XP level 2. HP: 17/17 MP: 2/2
   517 | D:1      | Reached skill level 6 in Stealth
   634 | D:1      | Reached XP level 3. HP: 21/21 MP: 3/3
  1106 | D:2      | Reached skill level 7 in Stealth
  1106 | D:2      | Reached XP level 4. HP: 12/26 MP: 4/4
  2082 | D:3      | Reached XP level 5. HP: 30/30 MP: 5/5
  2160 | D:3      | Killed from afar by an orc wizard

Action                   |  1- 3 |  4- 6 || total
-------------------------+-------+-------++-------
Melee: Dagger            |    41 |    51 ||    92
       Short sword       |    40 |     8 ||    48
 Fire: Blowgun           |    19 |     6 ||    25
 Stab: Sleeping          |    13 |     7 ||    20
       Distracted        |     1 |     1 ||     2
  Eat: Chunk             |     7 |     5 ||    12
